 Dungeon Sprint DCSS version 0.22.1-2-g9c5b331 (console) character file.

45 verb the Skirmisher (level 3, 0/57 HPs)
             Began as a Minotaur Chaos Knight on Dec 23, 2018.
             Slain by a wolf (3 damage)
             ... in the Dungeon (Sprint III: "The Ten Rune Challenge").
             The game lasted 00:03:16 (155 turns).

verb the Skirmisher (Minotaur Chaos Knight)          Turns: 155, Time: 00:03:17

Health: 0/57       AC:  5    Str: 22    XL:     3   Next: 42%
Magic:  2/2        EV: 11    Int:  7    God:    Xom [*.....]
Gold:   8          SH:  0    Dex:  9    Spells: 2/2 levels left

rFire    . . .     SeeInvis .   a - +0 hand axe (chaos)
rCold    . . .     Gourm    .   (no shield)
rNeg     . . .     Faith    .   b - +2 leather armour
rPois    .         Spirit   .   (helmet restricted)
rElec    .         Reflect  .   (no cloak)
rCorr    .         Harm     .   (no gloves)
MR       .....     NoTele   +   (no boots)
Stlth    ..........             (no amulet)
HPRegen  0.19/turn              (no ring)
MPRegen  0.08/turn              (no ring)

@: berserking, very quick
A: retaliatory headbutt, horns 2, dopey 1
a: Renounce Religion


You were in the Dungeon.
You worshipped Xom.
You were a special plaything of Xom.
You were not hungry.

You visited 1 branch You collected 8 gold pieces.

Inventory:

Hand Weapons
 a - a +0 hand axe of chaos (weapon)
Armour
 b - a +2 leather armour (worn)
Scrolls
 i - a scroll of blinking
Potions
 f - a potion of haste
 g - 2 potions of magic
Comestibles
 c - a ration
 j - 4 chunks of flesh


   Skills:
 + Level 6.5 Fighting
 + Level 6.4 Axes
 + Level 3.7 Armour
 + Level 1.4 Dodging


You had 2 spell levels left.
You didn't know any spells.
Your spell library was empty.

Dungeon Overview and Level Annotations

Branches:
Dungeon (1/1)

Altars:


Innate Abilities, Weirdness & Mutations

You reflexively headbutt those who attack you in melee.
You have a pair of horns on your head.
You are dopey. (Int -2)


Message History

You hit the wolf but do no damage.
The wolf emits a flash of light!
The wolf is moderately wounded.
The wolf bites you. x2
You closely miss the wolf.
The wolf is moderately wounded.
The wolf bites you!
* * * LOW HITPOINT WARNING * * *
The wolf bites you.
* * * LOW HITPOINT WARNING * * *
A red film seems to cover your vision as you go berserk!
You feel yourself moving faster!
You feel mighty! The wolf bites you!
* * * LOW HITPOINT WARNING * * *
You closely miss the wolf.
The wolf is moderately wounded.
The wolf bites you but does no damage.
You slash the wolf!
The wolf flickers and vanishes!
Deactivating autopickup; reactivate with Ctrl-A.
Your headbutt misses something. Something bites you.
You die... "It's all fun and games until someone loses an eye."

▓▓▓ ▓▓▓▓ ▓▓▓ <.#
+... ♣.# ..# #....
♣.# #'####....♣♣♣
♣.#
.†...#....≈.♣♣♣♣@#
.....#...≈≈.♣.♣{.#
.....#..≈≈≈≈.♣.♣.+
####'#..≈≈≈≈≈≈♣♣.#
))...#.≈≈≈≈≈≈....#
.....#.≈≈≈≈≈.....#
.....#.≈≈≈.......#
'#####...........#
.................#
▓▓▓▓▓▓▓▓▓▓▓▓▓▓▓▓▓▓


There were no monsters in sight!

Vanquished Creatures
  Jessica (D)
  A human (D)
  2 rats (D)
4 creatures vanquished.

Vanquished Creatures (others)
  A draconian scorcher (D)
  6 hellions (D)
  A yaktaur (D)
  2 plants (D)
10 creatures vanquished.

Grand Total: 14 creatures vanquished

Notes
Turn   | Place    | Note
-------+----------+-------------------------------------------
     0 | D        | verb the Minotaur Chaos Knight began the quest for the Orb.
     0 | D        | Reached XP level 1. HP: 19/19 MP: 0/0
    19 | D        | Noticed Jessica
    22 | D        | XOM: potion effect (brilliance)
    25 | D        | Killed Jessica
    25 | D        | Reached skill level 5 in Axes
    25 | D        | Reached XP level 2. HP: 21/30 MP: 1/1
    58 | D        | Killed a yaktaur
    79 | D        | Killed a hellion
   103 | D        | Killed a hellion
   104 | D        | Killed a hellion
   104 | D        | Killed a hellion
   105 | D        | Killed a hellion
   105 | D        | Killed a hellion
   127 | D        | Reached XP level 3. HP: 13/38 MP: 2/2
   147 | D        | XOM: give mutation
   147 | D        | Gained mutation: You are dopey. (Int -2) [Xom's mischief]
   153 | D        | Killed a white draconian scorcher
   155 | D        | Slain by a wolf

Skill      XL: |  1  2 |
---------------+-------+-----
Fighting       | 6 |  6.5
Axes           | 5 6 |  6.4
Armour         | 3 |  3.7
Dodging        | |  1.4

Action                   || total
-------------------------++-------
Melee: Hand axe          ||    35
       Headbutt          ||     2
  Use: Potion            ||     3
Armor: Leather armour    ||    12
Dodge: Dodged            ||    15
